 Dungeon Crawl Stone Soup version 0.28-a0-932-g843f935a50 (webtiles) character file.

Game seed: 1294439192340376568

78643 Zonian the Unseen (level 15, -39/79 HPs)
             Began as a Vine Stalker Brigand on Nov 27, 2021.
             Was an Initiate of Gozag.
             Killed from afar by a tengu reaver (47 damage)
             ... with a bolt of cold
             ... on level 13 of the Dungeon on Nov 28, 2021.
             The game lasted 00:53:58 (20284 turns).

Zonian the Unseen (Vine Stalker Brigand)           Turns: 20284, Time: 00:54:25

Health: -39/79     AC: 16    Str: 15    XL:     15   Next: 60%
Magic:  0/35       EV: 15    Int: 17    God:    Gozag
Gold:   2302       SH: 13    Dex: 25    Spells: 19/27 levels left

rFire   + . .      SeeInvis .   m - +9 quick blade (spect)
rCold   . . .      Faith    .   R - +2 buckler {AC+3}
rNeg    + . .      Spirit   +   y - +1 scale mail {Will+}
rPois   +          Reflect  +   j - +0 hat "Isyet" {rF+ Int+5}
rElec   .          Harm     .   f - +2 ratskin cloak {*Rats rPois rN+ Str-1 Int-1 Dex+1}
rCorr   .          Rampage  .   (no gloves)
Will    ++...                   B - +0 pair of boots
Stlth   ++++++....              V - amulet of reflection
HPRegen 1.03/turn               o - +6 ring of dexterity
MPRegen 0.24/turn               t - ring of magical power

@: gold aura, hasted, studying 2 skills, very quick
A: fangs 3, regeneration 1, magic shield, antimagic bite, no potion heal 2
a: Renounce Religion, Potion Petition, Call Merchant, Bribe Branch


You were on level 13 of the Dungeon.
You worshipped Gozag.
Gozag was most pleased with you.
You visited 3 branches of the dungeon, and saw 20 of its levels.

You collected 4561 gold pieces.
You spent 2149 gold pieces at shops.
You paid 110 gold pieces to Gozag.

Inventory:

Hand Weapons
 k - a +0 short sword of draining
 m - a +9 spectral quick blade (weapon)
 q - a +2 short sword of freezing
 w - a +1 short sword of venom
 x - a +4 short sword of flaming
 Q - the +1 rapier "Ogreslayer" {speed, rF+ rC+ Will+ Dex+2}
   (You found it on level 6 of the Lair of Beasts)

   Attacks with this weapon are significantly faster.
   Dex:       It affects your dexterity (+2).
   rF:        It protects you from fire.
   rC:        It protects you from cold.
   Will:      It increases your willpower.
 X - the +10 short sword of Freezing Exoneration {flame, rPois}
   (You bought it in a shop on level 11 of the Dungeon)

   It burns those it strikes, dealing additional fire damage.
   rPois:     It protects you from poison.
Missiles
 a - 2 silver javelins
 d - 66 poisoned darts (quivered)
 e - 10 curare-tipped darts
 p - 157 sling bullets
 C - 5 throwing nets
Armour
 c - a +0 cloak
 f - the +2 ratskin cloak (worn) {*Rats rPois rN+ Str-1 Int-1 Dex+1}
   (You bought it in a shop on level 4 of the Dungeon)

   When the wearer is hurt, rats may emerge from it to assist them.
   Str:       It affects your strength (-1).
   Int:       It affects your intelligence (-1).
   Dex:       It affects your dexterity (+1).
   rPois:     It protects you from poison.
   rN:        It protects you from negative energy.
 j - the +0 hat "Isyet" (worn) {rF+ Int+5}
   (You acquired it on level 5 of the Lair of Beasts)

   Int:       It affects your intelligence (+5).
   rF:        It protects you from fire.
 v - a +3 leather armour of cold resistance
 y - a +1 scale mail of willpower (worn)
 B - a +0 pair of boots (worn)
 D - a +3 chain mail of poison resistance
 R - a +2 buckler of protection (worn)
Magical Staves
 u - a staff of conjuration
Jewellery
 o - a +6 ring of dexterity (left hand)
 t - a ring of magical power (right hand)
 I - an amulet of magic regeneration
 O - a ring of poison resistance
 T - a ring of see invisible
 U - the ring "Wiroten" {rElec rF+++ rC++ rCorr Dex-5}
   (You found it on level 10 of the Dungeon)

   [ring of resist corrosion]

   Dex:       It affects your dexterity (-5).
   rF:        It renders you almost immune to fire.
   rC:        It greatly protects you from cold.
   rElec:     It insulates you from electricity.
   rCorr:     It protects you from acid and corrosion.
 V - an amulet of reflection (around neck)
 Y - the ring of Yrchu {Ice rN+ Int+5 Dex-4}
   (You acquired it on level 12 of the Dungeon)

   [ring of ice]

   It enhances your ice magic.
   Int:       It affects your intelligence (+5).
   Dex:       It affects your dexterity (-4).
   rF:        It makes you vulnerable to fire.
   rC:        It protects you from cold.
   rN:        It protects you from negative energy.
Wands
 i - a wand of polymorph (72)
 z - a wand of flame (44)
 F - a wand of iceblast (20)
 L - a wand of digging (10)
 W - a wand of acid (5)
Scrolls
 n - 8 scrolls of teleportation
 H - 3 scrolls of enchant weapon
 J - 2 scrolls of magic mapping
 M - 2 scrolls of identify
 N - a scroll of blinking
Potions
 b - a potion of resistance
 g - 3 potions of haste
 h - 4 potions of magic
 l - 9 potions of curing
 r - 3 potions of attraction
 s - 2 potions of might
 A - a potion of flight {unknown}
 E - a potion of berserk rage
 G - a potion of ambrosia {unknown}
 K - 3 potions of brilliance
 P - a potion of cancellation
 S - a potion of invisibility {unknown}


   Skills:
 + Level 9.4 Fighting
 - Level 9.4 Short Blades
 - Level 4.8 Throwing
 - Level 6.0 Armour
 + Level 7.9 Dodging
 + Level 17.3 Stealth
 + Level 2.2 Shields
 + Level 6.8 Spellcasting
 + Level 6.7 Conjurations
 + Level 6.6 Fire Magic
 + Level 4.0 Air Magic
 + Level 4.0 Poison Magic
 + Level 7.1 Evocations


You had 19 spell levels left.
You knew the following spells:

 Your Spells              Type           Power      Damage    Failure   Level
a - Foxfire               Conj/Fire      100%       2x1d9     3%          1
b - Flame Wave            Conj/Fire      28%        3d7       32%         4
c - Mephitic Cloud        Conj/Pois/Air  22%        N/A       21%         3

Your spell library contained the following spells:

 Spells                   Type           Power      Damage    Failure   Level
 Shock                    Conj/Air       96%        1d9       5%          1
 Conjure Flame            Conj/Fire      28%        6-21      10%         3
 Poisonous Vapours        Pois/Air       38%        N/A       16%         2
 Corpse Rot               Necr/Air       24%        N/A       34%         2
 Ignite Poison            Fire/Tmut/Pois 17%        N/A       34%         3
 Dazzling Flash           Conj/Hex       34%        N/A       36%         3
 Inner Flame              Hex/Fire       17%        N/A       36%         3
 Pain                     Necr           20%        1d5       45%         1
 Slow                     Hex            20%        N/A       45%         1
 Ensorcelled Hibernation  Hex/Ice        10%        N/A       61%         2
 Wereblood                Tmut           5%         N/A       61%         2
 Iskenderun's Battlesphe  Conj           28%        2d8       65%         5
 Airstrike                Air            9%         N/A       69%         4
 Iskenderun's Mystic Bla  Conj/Tloc      17%        2d5       78%         4
 Confusing Touch          Hex            5%         N/A       83%         3
 Ozocubu's Armour         Ice            5%         N/A       83%         3
 Tukima's Dance           Hex            5%         N/A       83%         3
 Lightning Bolt           Conj/Air       12%        1d25      83%         5
 Summon Lightning Spire   Summ/Air       12%        N/A       92%         4
 Freezing Cloud           Conj/Ice/Air   8%         6-21      97%         5
 Alistair's Intoxication  Tmut/Pois      8%         N/A       99%         5
 Starburst                Conj/Fire      14%        6d6       99%         6
 Agony                    Necr           5%         N/A       100%        5
 Excruciating Wounds      Necr           2%         N/A       100%        5
 Lee's Rapid Deconstruct  Erth           2%         3d6*      100%        5
 Metabolic Englaciation   Hex/Ice        2%         N/A       100%        5
 Yara's Violent Unravell  Hex/Tmut       2%         3d3       100%        5
 Iron Shot                Conj/Erth      8%         9d3       100%        6
 Simulacrum               Ice/Necr       2%         N/A       100%        6
 Ozocubu's Refrigeration  Ice            2%         4d5       100%        7
 Spellforged Servitor     Conj/Summ      8%         N/A       100%        7
 Necromutation            Tmut/Necr      2%         N/A       100%        8
 Shatter                  Erth           2%         3d6*      100%        9


Dungeon Overview and Level Annotations

Branches:
Dungeon (13/15)            Temple (1/1) D:5            Lair (6/6) D:10
 Shoals (0/4) Lair:4        Snake (0/4) Lair:4        Slime (0/5) Lair:6
    Orc (0/2) D:11
 Vaults: D:13-14

Altars:
Ashenzari
Cheibriados
Dithmenos
Elyvilon
Fedhas
Gozag
Hepliaklqana
Kikubaaqudgha
Makhleb
Nemelex Xobeh
Okawaru
Qazlal
Ru
Sif Muna
Trog
Uskayaw
Vehumet
Wu Jian
Xom
Yredelemnul
Zin
The Shining One

Shops:
D:4 [!*   D:5 =   D:6 [   D:11 **(*

Annotations:
D:10 2 runed translucent doors, siradein's ghost, journeyman TrMo


Innate Abilities, Weirdness & Mutations

You have razor-sharp teeth.
Your natural rate of healing is unusually fast.
When hurt, damage is shared between your health and your magic reserves.
Your bite disrupts and absorbs the magic of your enemies.
Potions cannot restore your health.


Message History

Your Poison Magic skill increases to level 4!
As you read the scroll of teleportation, it crumbles to dust.
You feel strangely unstable.
Your river rat bites the very large slime creature!
The wraith hits you but does no damage.
Your river rat barely misses the very large slime creature.
The cyclops misses you. The tengu reaver closely misses you.
The tengu reaver pecks you. You block the tengu reaver's attack.
A very large slime creature splits.
Your river rat bites the large slime creature. x2
The wraith is distracted by your dazzling golden aura.
Two slime creatures merge to form a very large slime creature.
The tengu reaver points at you and mumbles some strange words.
The bolt of acid hits you!!
* * * LOW HITPOINT WARNING * * *
The cyclops hits your river rat!!
Your river rat dies!
You see here 4 gold pieces.
Blink to where?
Press: ? - help, Dir - move target
As you read the scroll of blinking, it crumbles to dust.
Your surroundings seem slightly different.
Found three items.
Your river rat bites the very large slime creature!
The very large slime creature is distracted by your dazzling golden aura.
You feel yourself speed up.
The cyclops is no longer distracted by gold.
Your river rat bites the very large slime creature.
The tengu reaver gestures at you while chanting.
The bolt of fire hits you! You resist.
* * * LOW HITPOINT WARNING * * *
A howler monkey comes into view.
The wraith is no longer distracted by gold.
The cyclops is distracted by your dazzling golden aura.
Your river rat bites the very large slime creature!
The tengu reaver points at you and mumbles some strange words.
The bolt of cold hits you!!!
Ouch! That really hurt!
You die...
Your body crumbles into a pile of gold.

..#.##................
..#.#..r.?....))|.....
........J$....[)[....h
#)#.#..$CWJ...)[[.....
#.#.##.$.$Q...C.......
#.##.##$###.........##
#..##.....##..!....##.
#...###.##.##.....##.#
#........##.#@....#.##
##........#.#.....#.#.
##....$..............
##...ยง..#.#.....#.#.
##.....#.##...##.#.
##.:..##.##.##.##.
#.....##.....##..
#......###.###..
####.........


You could see a tengu reaver (ally target), a very large slime creature, a slime
creature, 2 cyclopes, a wraith and a friendly river rat.

Vanquished Creatures
  Gastronok (D:12)
  A sphinx (D:13)
  Nessos (D:12)
  Azrael (D:12)
  6 dire elephants (Lair:6)
  Snorg (D:12)
  10 hydras
  A yaktaur captain (D:13)
  Harold (D:7)
  A boulder beetle (Lair:3)
  The ghost of Haxey the Destroyer, a journeyman GrCj of Sif Muna (Lair:2)
  A death knight (D:11)
  A centaur warrior (D:11)
  4 two-headed ogres
  3 death yaks (Lair:4)
  Nergalle (D:12)
  Sonja (D:12)
  2 spectral death yaks (Lair:6)
  A spectral anaconda (Lair:6)
  4 necromancers (Lair:6)
  An obsidian statue (Lair:6)
  A deep elf pyromancer (D:12)
  A harpy (D:13)
  2 ugly things
  An orc sorcerer (D:11)
  2 cyclopes
  10 elephants (Lair:6)
  A dire elephant zombie (Lair:6)
  11 black mambas
  2 torpor snails
  2 gargoyles
  14 cane toads
  An unseen horror (D:10)
  A dire elephant skeleton (Lair:6)
  4 rime drakes
  Psyche (D:12)
  A kobold demonologist (D:10)
  9 komodo dragons
  5 polar bears
  4 trolls
  15 blink frogs
  A dream sheep (Lair:2)
  A meliai zombie (D:11)
  A snapping turtle (Lair:4)
  8 wyverns
  4 shadows
  4 fire elementals (D:12)
  32 yaks
  3 wraiths
  5 basilisks
  A basilisk (shapeshifter) (D:13)
  2 death yak simulacra (Lair:6)
  4 vampire mosquitoes (D:12)
  3 steam dragons
  Menkaure (D:7)
  2 spectral cane toads (Lair:6)
  Duvessa (D:4)
  2 acid dragons (D:9)
  24 water moccasins
  2 hell hounds (D:12)
  5 orc warriors
  An ice beast (D:8)
  4 sky beasts
  2 black bears (Lair:2)
  An elephant zombie (Lair:6)
  2 ogres
  14 wolves
  An elephant skeleton (Lair:6)
  4 phantoms
  10 centaurs
  3 kobold brigands
  A scorpion (D:5)
  14 bullfrogs
  Dowan (D:4)
  2 troll zombies (D:11)
  A water moccasin skeleton (D:5)
  An elephant simulacrum (Lair:6)
  2 wights (D:9)
  6 killer bees
  An electric eel (Lair:2)
  3 howler monkeys
  A jelly (D:6)
  4 centaur zombies
  A hound (D:5)
  A gnoll shaman (D:6)
  3 orc priests
  A bullfrog skeleton (D:5)
  A centaur skeleton (D:4)
  10 orc wizards
  Natasha (thrice) (D:3)
  A hell rat (Lair:2)
  An iguana (D:6)
  4 ogre zombies (D:11)
  3 howler monkey zombies
  11 gnolls
  7 adders
  4 shadow imps
  2 ufetubi
  A worm (D:3)
  3 dart slugs
  41 orcs
  A bat skeleton (D:2)
  6 endoplasms
  6 goblins
  7 hobgoblins
  18 kobolds
  6 quokkas
  8 ball pythons
  5 bats
  2 frilled lizards (D:2)
  4 goblin zombies (D:11)
  2 orc skeletons (D:11)
  13 orc zombies (D:11)
  8 rats
501 creatures vanquished.

Vanquished Creatures (others)
  18 fungi
  29 plants
  14 withered plants (Lair:6)
61 creatures vanquished.

Grand Total: 562 creatures vanquished

Notes
Turn   | Place    | Note
-------+----------+-------------------------------------------
     0 | D:1      | Zonian the Vine Stalker Brigand began the quest for the
                  | Orb.
     0 | D:1      | Reached XP level 1. HP: 11/11 MP: 2/2
    66 | D:1      | Reached skill level 5 in Stealth
    67 | D:1      | Reached XP level 2. HP: 8/15 MP: 1/3
   213 | D:1      | Found a faded altar of an unknown god.
   807 | D:1      | Reached XP level 3. HP: 18/18 MP: 4/4
  1597 | D:2      | Gained mutation: Your natural rate of healing is unusually
                  | fast. [Vine Stalker growth]
  1597 | D:2      | Reached XP level 4. HP: 14/23 MP: 3/5
  1635 | D:2      | Reached skill level 6 in Stealth
  1957 | D:3      | Reached skill level 1 in Dodging
  1990 | D:3      | Reached XP level 5. HP: 22/26 MP: 6/6
  2219 | D:3      | Noticed Natasha
  2227 | D:3      | Killed Natasha
  2250 | D:3      | Noticed Natasha
  2262 | D:3      | Killed Natasha
  2486 | D:3      | Noticed Natasha
  2493 | D:3      | Killed Natasha
  2494 | D:3      | Reached XP level 6. HP: 31/32 MP: 7/7
  2751 | D:4      | Found Zalla's Antique Armour Emporium.
  2801 | D:4      | Bought a runed leather armour for 120 gold pieces
  2839 | D:4      | Noticed Duvessa
  2876 | D:4      | Noticed Dowan
  2884 | D:4      | Killed Duvessa
  2885 | D:4      | Reached skill level 7 in Stealth
  2885 | D:4      | Reached XP level 7. HP: 31/35 MP: 8/8
  2890 | D:4      | Acquired a +4 short sword of flaming
  2897 | D:4      | Killed Dowan
  3200 | D:4      | Acquired a +7 quick blade
  3215 | D:4      | Found Tyon Ips's Distillery.
  3229 | D:4      | Bought a potion of curing for 30 gold pieces
  3497 | D:4      | Found Uphoocsae's Assorted Antiques.
  3613 | D:5      | Entered Level 5 of the Dungeon
  3613 | D:5      | Found a stormy altar of Qazlal.
  3741 | D:5      | Reached skill level 8 in Stealth
  3746 | D:5      | Found a staircase to the Ecumenical Temple.
  3764 | D:5      | Reached skill level 1 in Armour
  3764 | D:5      | Gained mutation: You have razor-sharp teeth. [Vine Stalker
                  | growth]
  3764 | D:5      | Reached XP level 8. HP: 40/40 MP: 9/9
  3777 | D:5      | Reached skill level 5 in Short Blades
  3806 | Temple   | Entered the Ecumenical Temple
  4038 | D:5      | Found a radiant altar of Vehumet.
  4248 | D:5      | Found Husis's Jewellery Emporium.
  4647 | D:6      | Reached skill level 9 in Stealth
  4662 | D:6      | Found a shimmering blue altar of Sif Muna.
  5001 | D:6      | Reached XP level 9. HP: 42/45 MP: 10/10
  5105 | D:6      | Identified the +5 chain mail "Nogh" {Drain rC- rCorr Dex+8}
  5151 | D:6      | Found a broken altar of Ashenzari.
  5210 | D:6      | Found Yra Fuonys's Armour Emporium.
  5706 | D:7      | Noticed Harold
  5714 | D:7      | Killed Harold
  5715 | D:7      | Reached skill level 10 in Stealth
  5733 | D:7      | Noticed Menkaure
  5740 | D:7      | Killed Menkaure
  5741 | D:7      | Reached skill level 11 in Stealth
  6076 | D:7      | Reached XP level 10. HP: 51/51 MP: 11/11
  6163 | D:7      | Found a white marble altar of Elyvilon.
  6450 | D:8      | Found an iron altar of Okawaru.
  6614 | D:8      | Reached skill level 12 in Stealth
  7068 | D:8      | Noticed a two-headed ogre
  7074 | D:8      | Killed a two-headed ogre
  7229 | Temple   | Became a worshipper of Gozag Ym Sagoz the Greedy
  7459 | D:9      | Reached skill level 13 in Stealth
  7487 | D:9      | Found a sparkling altar of Nemelex Xobeh.
  7524 | D:9      | Noticed a two-headed ogre
  7550 | D:9      | Killed a two-headed ogre
  7551 | D:9      | Reached skill level 5 in Fighting
  7551 | D:9      | Reached skill level 1 in Evocations
  7590 | D:9      | Reached XP level 11. HP: 55/55 MP: 12/12
  7864 | D:9      | Found a snail-covered altar of Cheibriados.
  7868 | D:9      | Found a glowing golden altar of the Shining One.
  8076 | D:9      | Found a hazy altar of Hepliaklqana.
  8078 | D:9      | Found a shimmering altar of Xom.
  8425 | D:10     | Entered Level 10 of the Dungeon
  8428 | D:10     | Found a staircase to the Lair.
  8500 | D:10     | Noticed siradein's ghost (journeyman TrMo)
  8500 | D:10     | Noticed a lich
  8500 | D:10     | Noticed a white ugly thing
  8500 | D:10     | Noticed a necromancer
  8501 | D:10     | Noticed a skeletal warrior
  8504 | D:10     | Noticed a fire crab
  8504 | D:10     | Noticed a stone giant
  8553 | D:10     | Found a shadowy altar of Dithmenos.
  8715 | Lair:1   | Entered Level 1 of the Lair of Beasts
  8750 | Lair:1   | Reached skill level 14 in Stealth
  8867 | Lair:1   | Found a frozen archway.
  9316 | Lair:1   | Reached skill level 5 in Dodging
  9316 | Lair:1   | Reached skill level 15 in Stealth
  9316 | Lair:1   | Reached XP level 12. HP: 62/62 MP: 13/13
  9319 | Lair:1   | Learned a level 1 spell: Foxfire
  9654 | Lair:2   | Reached skill level 1 in Spellcasting
  9654 | Lair:2   | Reached skill level 1 in Conjurations
  9654 | Lair:2   | Reached skill level 1 in Fire Magic
  9741 | Lair:2   | Noticed a seven-headed hydra
  9747 | Lair:2   | Noticed Haxey's ghost (journeyman GrCj)
  9748 | Lair:2   | Noticed a seven-headed hydra
  9752 | Lair:2   | Noticed a four-headed hydra
  9766 | Lair:2   | Found a transporter.
  9767 | Lair:2   | Noticed a four-headed hydra
  9819 | Lair:2   | Found a transporter.
  9838 | Lair:2   | Killed a four-headed hydra
 10017 | Lair:2   | Noticed a four-headed hydra
 10022 | Lair:2   | Killed a four-headed hydra
 10024 | Lair:2   | Noticed a five-headed hydra
 10032 | Lair:2   | Killed a five-headed hydra
 10361 | Lair:2   | Reached XP level 13. HP: 65/67 MP: 17/17
 11596 | Lair:4   | Reached skill level 5 in Evocations
 11627 | Lair:4   | Reached skill level 16 in Stealth
 11648 | Lair:4   | Found a staircase to the Snake Pit.
 11722 | Lair:4   | Learned a level 4 spell: Flame Wave
 12492 | Lair:4   | Found a staircase to the Shoals.
 12805 | D:4      | Bought a glowing emerald potion for 27 gold pieces
 12893 | D:4      | Bought the +2 ratskin cloak {*Rats rPois rN+ Str-1 Int-1
                  | Dex+1} for 667 gold pieces
 12893 | D:4      | Found the +2 ratskin cloak {*Rats rPois rN+ Str-1 Int-1
                  | Dex+1}
 13210 | Lair:5   | Acquired the +0 hat "Isyet" {rF+ Int+5}
 13558 | Lair:5   | Reached XP level 14. HP: 73/73 MP: 22/22
 13620 | Lair:5   | Reached skill level 5 in Conjurations
 13645 | Lair:5   | Reached skill level 5 in Spellcasting
 13645 | Lair:5   | Reached skill level 5 in Fire Magic
 13964 | Lair:5   | Learned a level 3 spell: Mephitic Cloud
 14129 | Lair:6   | Entered Level 6 of the Lair of Beasts
 14191 | Lair:6   | Reached skill level 1 in Poison Magic
 14264 | Lair:6   | Reached skill level 1 in Air Magic
 14372 | Lair:6   | Reached skill level 5 in Armour
 14841 | Lair:6   | Noticed a dire elephant
 14841 | Lair:6   | Noticed a dire elephant
 14841 | Lair:6   | Noticed a dire elephant
 14841 | Lair:6   | Noticed a dire elephant
 14863 | Lair:6   | Noticed a dire elephant
 14891 | Lair:6   | Killed a dire elephant
 14931 | Lair:6   | Noticed a dire elephant
 14972 | Lair:6   | Killed a dire elephant
 15566 | Lair:6   | Killed a dire elephant
 15785 | Lair:6   | Killed a dire elephant
 15833 | Lair:6   | Killed a dire elephant
 15991 | Lair:6   | Got the Volume of Confrontation and the Mountains
 16422 | Lair:6   | Identified the +1 rapier "Ogreslayer" {speed, rF+ rC+ Will+
                  | Dex+2}
 16501 | Lair:6   | Found a staircase to the Slime Pits.
 16556 | Lair:6   | Killed a dire elephant
 16724 | Lair:2   | Killed Haxey's ghost
 16743 | Lair:2   | Reached XP level 15. HP: 57/78 MP: 25/25
 16761 | Lair:2   | Acquired a +2 buckler of protection
 16827 | Lair:2   | Identified the +0 scale mail of Wu Jian's Condemnation
                  | {-Tele rN+ Str+6}
 17078 | D:5      | Bought a ring of see invisible for 210 gold pieces
 17287 | D:10     | Identified the ring "Wiroten" {rElec rF+++ rC++ rCorr
                  | Dex-5}
 17406 | D:10     | Found a runed translucent door.
 17409 | D:10     | Found a runed translucent door.
 17865 | D:11     | Reached skill level 17 in Stealth
 18112 | D:11     | Reached skill level 1 in Shields
 18272 | D:11     | Found a staircase to the Orcish Mines.
 18916 | D:11     | Found Xegoh's General Store.
 18917 | D:11     | Found Taepsukli's Assorted Antiques.
 18918 | D:11     | Found Pudopn's Antique Weapon Shoppe.
 18918 | D:11     | Found Xocapacy's General Store.
 18924 | D:11     | Bought a potion of curing for 45 gold pieces
 18924 | D:11     | Bought a wand of acid (3) for 210 gold pieces
 18927 | D:11     | Bought a scroll of teleportation for 96 gold pieces
 18927 | D:11     | Bought a wand of acid (4) for 256 gold pieces
 18927 | D:11     | Bought 2 potions of curing for 192 gold pieces
 18933 | D:11     | Bought an encrusted short sword for 296 gold pieces
 18933 | D:11     | Identified the +10 short sword of Freezing Exoneration
                  | {flame, rPois} (You bought it in a shop on level 11 of the
                  | Dungeon)
 19259 | D:12     | Noticed Nergalle
 19259 | D:12     | Noticed Psyche
 19259 | D:12     | Noticed Gastronok
 19260 | D:12     | Killed Psyche
 19263 | D:12     | Killed Gastronok
 19272 | D:12     | Killed Nergalle
 19282 | D:12     | Noticed Sonja
 19290 | D:12     | Killed Sonja
 19301 | D:12     | Acquired the ring of Yrchu {Ice rN+ Int+5 Dex-4}
 19347 | D:12     | Noticed Snorg
 19356 | D:12     | Killed Snorg
 19395 | D:12     | Noticed Azrael
 19436 | D:12     | Killed Azrael
 19446 | D:12     | Noticed Nessos
 19450 | D:12     | Killed Nessos
 19511 | D:12     | Got the Catalogue of Sinister Transmigration
 20247 | D:13     | Noticed a tengu reaver
 20247 | D:13     | Noticed a sphinx
 20258 | D:13     | Noticed a tengu reaver
 20279 | D:13     | Killed a sphinx
 20284 | D:13     | Killed from afar by a tengu reaver

Illustrated notes

Levels and vault maps discovered:
D:1:      dpeg_arrival_round_a, layout_basic, serial_forest,
          infiniplex_forest_lined_1, infiniplex_forest_straight_4,
          infiniplex_forest_clump_long, infiniplex_forest_end_2,
          infiniplex_forest_zigzag_1, infiniplex_forest_end_3,
          infiniplex_forest_lined_room_2, ebering_ecumenical_altar_petrified
D:2:      layout_basic, kennysheep_big_empty_room, roderic_roman_lattice,
          minmay_surrounded
D:3:      layout_rooms, serial_aquarium, aquarium_bridge_square
          [aquarium_subvault_wall, aquarium_subvault_bridge,
          aquarium_subvault_wall, aquarium_subvault_bridge],
          aquarium_bridge_island_large [aquarium_subvault_large_water,
          aquarium_subvault_wall, aquarium_subvault_bridge,
          aquarium_subvault_window, aquarium_subvault_wall],
          aquarium_window_fake, aquarium_window_1, aquarium_view_2f,
          aquarium_balcony_3a, aquarium_pool_1, gup_sewer_entry_bubbles,
          dk_noncrumbling_4, uniq_natasha
D:4:      layout_basic, serial_shops, shop,
          nicolae_shop_competitors_out_of_business, shop,
          amcnicky_mini_rare_corridor_liquid, uniq_duvessa
D:5:      layout_basic, general_overflow_altar, vehumet_altar_wand_db,
          minmay_temple_entry_stoned_glass, serial_shops, shop
D:6:      layout_basic, overflow_temple_1_default, mainiacjoe_overflow_catwalk,
          serial_shops, nicolae_square_shop, minmay_manual_mullet
D:7:      layout_basic, mainiacjoe_overflow_cross_hatched, uniq_harold,
          uniq_menkaure
D:8:      layout_basic, lemuel_crystal_altar
D:9:      layout_basic, nemelex_xobeh_ov_fountains_minmay,
          nicolae_overflow_hidden_temple, amethyst_killhole,
          minmay_crystal_room, minmay_alternating_orb
D:10:     layout_irregular_city, mainiacjoe_overflow_brackets, lair_entry_dummy,
          muffindrake_ghost_dual_entry, kennysheep_cross_bottleneck
D:11:     layout_layer_cave, zombieorc1_lemuel, minmay_shop_grid_forest
D:12:     layout_layer_cave, uniq_nessos, uniq_azrael, uniq_sonja,
          uniq_nergalle, uniq_psyche, uniq_snorg, uniq_gastronok
D:13:     minmay_strange_plus, layout_loops_ring, david_vaults_4,
          nicolae_shop_overcharged_wands
Temple:   cyrus_temple_forest
Lair:1:   layout_long_grid, portal_ice_cave_entry_pillars_1,
          chequers_serial_rivers_large_a, serial_bayou_pond_e,
          serial_bayou_shore_b
Lair:2:   layout_roguey, nzn_ghost_randoct, cheibrodos_lair_caveside_slide,
          minmay_shattered_shrine, serial_bayou_shore_a
Lair:3:   layout_cave_pods, fungi_pond_lemuel, beast_lair_carwin_10,
          grunt_megastairs_5
Lair:4:   layout_roguey, minmay_shoals_entry_hut,
          minmay_snake_entry_six_corridors, grunt_megastairs_2
Lair:5:   layout_cave_pods, infiniplex_staircase_pool_2
Lair:6:   due_jungle_book, layout_regular_city, slime_dummy, grunt_megastairs_4,
          lemuel_fruit_fields, lemuel_fruit_tree

Skill      XL: |  1  2  3  4  5  6  7  8  9 10 11 12 13 14 15 |
---------------+----------------------------------------------+-----
Throwing       | 2 3 4 |  4.8
Stealth        | 5 6 7 8 9 11 13 15 16 17 | 17.3
Short Blades   | 2 3 4 6 7 8 9 |  9.4
Fighting       | 2 3 4 5 6 7 8 9 |  9.4
Dodging        | 1 2 3 4 5 6 7 |  7.9
Armour         | 1 2 3 4 5 6 |  6.0
Evocations     | 1 3 4 5 6 7 |  7.1
Spellcasting   | 2 4 6 |  6.8
Conjurations   | 2 4 6 |  6.7
Fire Magic     | 2 4 6 |  6.6
Poison Magic   | 3 4 |  4.0
Air Magic      | 3 4 |  4.0
Shields        | 2 |  2.2

Action                   |  1- 3 |  4- 6 |  7- 9 | 10-12 | 13-15 || total
-------------------------+-------+-------+-------+-------+-------++-------
Melee: Dagger            |    30 |       |       |       |       ||    30
       Short sword       |    56 |   109 |     6 |       |       ||   171
       Bite              |    27 |    35 |    71 |   119 |   471 ||   723
       Quick blade       |       |       |   192 |   257 |   892 ||  1341
Throw: Dart              |       |     4 |    12 |       |     5 ||    21
Evoke: Wand              |       |       |     2 |     3 |     8 ||    13
  Use: Scroll            |       |       |    14 |    12 |     8 ||    34
       Potion            |       |       |       |     1 |     1 ||     2
 Stab: Sleeping          |     5 |    10 |    22 |    15 |    48 ||   100
       Distracted        |       |     1 |     2 |     9 |    51 ||    63
Armor: Robe              |    20 |    15 |       |       |       ||    35
       Leather armour    |       |       |    42 |    29 |    14 ||    85
       Scale mail        |       |       |       |       |    84 ||    84
Dodge: Dodged            |    49 |    26 |    72 |    69 |   197 ||   413
Block: Buckler           |       |       |       |       |    51 ||    51
       Reflection        |       |       |       |       |     4 ||     4

Table legend: (Time is in decaauts)
 A = Elapsed time spent in this place.
 B = Non-inter-level travel time spent in this place.
 C = Inter-level travel time spent in this place.
 D = Time resting spent in this place.
 E = Time spent auto-exploring this place.
 F = Levels seen in this place.
 G = Mean time per level.
                   A        B        C        D        E       F      G
               +--------+--------+--------+--------+--------+-----+--------+
         Total |  19466 |  17783 |   1683 |   1618 |  11774 |  20 |  973.3 |
       Dungeon |  12033 |  10840 |   1193 |    823 |   7624 |  13 |  925.6 |
        Temple |    149 |     72 |     77 |      0 |     52 |   1 |  149.0 |
          Lair |   7283 |   6870 |    413 |    795 |   4098 |   6 | 1213.8 |
               +--------+--------+--------+--------+--------+-----+--------+

Top non-repeatable levels by time:
  Lair:6: 2246 daAuts
    D:11: 1389 daAuts
     D:1: 1337 daAuts
     D:6: 1212 daAuts
  Lair:2: 1145 daAuts
     D:9: 1097 daAuts
     D:4: 1034 daAuts
  Lair:4: 1027 daAuts
  Lair:3: 1025 daAuts
     D:5: 988 daAuts
    D:10: 987 daAuts
  Lair:5: 924 daAuts
  Lair:1: 914 daAuts
    D:12: 910 daAuts
     D:8: 862 daAuts
